 Dungeon Crawl Stone Soup version 0.21.1-1-g345015f (webtiles) character file.

7242 letownia2 the Grappler (level 10, -1/96 HPs)
             Began as a Troll Hunter on Feb 24, 2018.
             Was an Elder of Cheibriados.
             Slain by an orc priest
             ... wielding a +0 trident
              (2 damage)
             ... on level 10 of the Dungeon.
             The game lasted 00:24:33 (3954 turns).

letownia2 the Grappler (Troll Hunter)               Turns: 3954, Time: 00:24:34

Health: -1/96      AC: 10    Str: 31    XL:     10   Next: 88%
Magic:  12/12      EV: 10    Int: 19    God:    Cheibriados [****..]
Gold:   15         SH:  0    Dex: 21    Spells: 9/9 levels left

rFire    . . .     SeeInvis +     - Unarmed
rCold    . . .     Gourm    +   (no shield)
rNeg     . . .     Faith    .   d - +0 troll leather armour {Purgy}
rPois    .         Spirit   .   (helmet restricted)
rElec    .         Reflect  .   R - +2 cloak {+Inv}
rCorr    .         Harm     .   (gloves unavailable)
MR       .....                  (boots unavailable)
Stlth    ++........             b - amulet of Enkitytill {Regen+ Int+2}
HPRegen  1.46/turn              s - ring of flight
MPRegen  0.13/turn              x - ring of see invisible

@: about to teleport, very slow
A: large, unfitting armour, claws 3, fast metabolism 3, gourmand, regeneration
1, shaggy fur 1, tough skin 2
a: Bend Time, Temporal Distortion, Slouch, Renounce Religion, Evoke
Invisibility, Evoke Flight


You were on level 10 of the Dungeon.
You worshipped Cheibriados.
Cheibriados was greatly pleased with you.
You were very full.

You visited 2 branches of the dungeon, and saw 11 of its levels.
You also visited: Ossuary.

You collected 277 gold pieces.
You spent 262 gold pieces at shops.

Inventory:

Hand Weapons
 q - the +4 hand crossbow "Goblinslayer" {freeze, rElec MR+, unknown}
   (You found it on level 4 of the Dungeon)

   It causes projectiles fired from it to freeze those they strike, causing
   extra injury to most foes and up to half again as much damage against
   particularly susceptible opponents.
   They can also slow down cold-blooded creatures.
   It insulates you from electricity.
   It affects your resistance to hostile enchantments.
 w - a +0 giant spiked club
 M - a +0 blowgun
 O - a +1 shortbow of velocity
Missiles
 a - 16 poisoned needles
 c - 4 large rocks (quivered)
 l - 3 throwing nets
 I - 50 bolts
 P - 26 arrows
Armour
 d - a +0 troll leather armour (worn) {Purgy}
 g - a +0 robe of cold resistance
 v - a +2 robe of fire resistance
 R - a +2 cloak of invisibility (worn)
Jewellery
 b - the amulet of Enkitytill (around neck) {Regen+ Int+2}
   (You found it on level 6 of the Dungeon)

   [amulet of regeneration]

   It affects your intelligence (+2).
   It increases your rate of regeneration.
 s - a ring of flight (left claw)
 x - a ring of see invisible (right claw)
Wands
 y - a wand of iceblast (4)
 J - a wand of paralysis (10)
 K - a wand of flame (30)
 Q - a wand of disintegration (13)
Scrolls
 m - 2 scrolls of teleportation
 p - a scroll of blinking {unknown}
 r - a scroll of remove curse {unknown}
 u - a scroll of noise {unknown}
 B - a scroll of fear {unknown}
 D - 2 scrolls of holy word {unknown}
 F - 2 scrolls of torment {unknown}
 G - 2 scrolls of enchant armour {unknown}
 L - a scroll of immolation {unknown}
Potions
 e - a potion of invisibility
 h - 2 potions of magic
 i - a potion of degeneration
 j - a potion of heal wounds
 k - a potion of lignification
 o - 2 potions of ambrosia
 t - a potion of berserk rage
 z - 2 potions of might
 A - 3 potions of mutation
 C - 2 potions of flight
 E - 2 potions of curing
 H - a potion of resistance
 N - 2 potions of haste {unknown}
Books
 n - a book of Maledictions

   Spells                             Type                      Level
   a - Corona                         Hexes                        1
   b - Ensorcelled Hibernation        Hexes/Ice                    2
   c - Confuse                        Hexes                        3
   d - Tukima's Dance                 Hexes                        3
   e - Dazzling Spray                 Conjuration/Hexes            3
Miscellaneous
 S - a fan of gales
Comestibles
 f - 13 rations
 T - 4 chunks of flesh


   Skills:
 + Level 5.5 Fighting
 - Level 3.6 Throwing
 - Level 1.5 Dodging
 - Level 0.3 Stealth
 - Level 14.0 Unarmed Combat
 - Level 4.5 Invocations


You had 9 spell levels left.
You didn't know any spells.

Dungeon Overview and Level Annotations

Branches:
Dungeon (10/15)            Temple (1/1) D:7
   Lair: D:8-11         Orc: D:9-12

Altars:
Ashenzari
Cheibriados
Dithmenos
Elyvilon
Fedhas
Gozag
Hepliaklqana
Kikubaaqudgha
Makhleb
Nemelex Xobeh
Okawaru
Qazlal
Ru
Sif Muna
Trog
Uskayaw
Vehumet
Wu Jian
Xom
Yredelemnul
Zin
The Shining One

Shops:
D:9 [


Innate Abilities, Weirdness & Mutations

You are too large for most types of armour.
You have claws for hands.
Your metabolism is lightning-fast.
You like to eat raw meat.
Your natural rate of healing is unusually fast.
You are covered in fur. (AC +1)
You have very tough skin. (AC +2)


Message History

The orc priest hits you from afar with a trident.
The troll bites you!
* * * LOW HITPOINT WARNING * * *
The troll barely misses you. The troll closely misses you.
The yak gores you but does no damage.
The orc priest hits you from afar with a trident.
* * * LOW HITPOINT WARNING * * *
There is a stone staircase leading down here.
Unknown command.
Unknown command.
Unknown command.
As you read the scroll of teleportation, it crumbles to dust.
You feel strangely unstable. The troll bites you!
* * * LOW HITPOINT WARNING * * *
The troll claws you!
* * * LOW HITPOINT WARNING * * *
The troll claws you.
* * * LOW HITPOINT WARNING * * *
The orc priest hits you from afar with a trident.
You die...

.................................
.................................
.................................
.......†.........................
#................................
##...............................
##.............Y...............#
##.....[....YoY..............##
##.........oT@.............##
###########################


You could see 3 yaks, a troll, an orc priest and an orc.

Vanquished Creatures
  A troll (D:10)
  A merfolk (D:10)
  A hornet (D:10)
  2 hippogriffs
  3 yaks (D:9)
  A human (D:10)
  A wyvern (D:10)
  2 wargs (D:9)
  Grum (D:8)
  2 ice beasts
  An orc warrior (D:5)
  Duvessa (D:5)
  A hornet zombie (D:8)
  Purgy (D:3)
  A black bear (D:10)
  An eye of draining (D:9)
  A necrophage (D:10)
  2 phantoms
  3 ogres
  4 wolves (D:8)
  6 centaurs
  A crocodile (D:10)
  7 bullfrogs
  Dowan (D:5)
  3 scorpions
  A wyvern skeleton (D:8)
  2 water moccasin skeletons
  13 killer bees
  5 wights (D:8)
  A howler monkey (D:7)
  2 crimson imps
  2 centaur zombies (Ossuary)
  A bullfrog zombie (D:9)
  A quasit (D:9)
  5 orc priests
  A jelly (D:8)
  A bullfrog skeleton (D:8)
  6 hounds
  7 orc wizards
  2 iguanas
  8 worker ants
  A killer bee zombie (D:7)
  2 big kobold zombies (Ossuary)
  A hound zombie (D:10)
  A hound skeleton (D:8)
  4 mummies (Ossuary)
  2 worker ant zombies
  11 adders
  4 shadow imps
  3 oozes
  2 worms
  3 dart slugs
  6 leopard geckos
  23 orcs
  A ball python (D:2)
  3 giant cockroaches
  A goblin (D:3)
  9 jackals
  5 kobolds
  4 quokkas
  2 bats
  3 frilled lizards
  A hobgoblin zombie (Ossuary)
  3 rats
202 creatures vanquished.

Vanquished Creatures (others)
  A hound zombie (D:10)
1 creature vanquished.

Grand Total: 203 creatures vanquished

Notes
Turn   | Place    | Note
-------+----------+-------------------------------------------
     0 | D:1      | letownia2 the Troll Hunter began the quest for the Orb.
     0 | D:1      | Reached XP level 1. HP: 19/19 MP: 0/0
    36 | D:1      | Reached skill level 1 in Unarmed Combat
    61 | D:1      | Reached XP level 2. HP: 27/27 MP: 1/1
    94 | D:1      | Reached skill level 2 in Unarmed Combat
   176 | D:2      | Reached XP level 3. HP: 27/33 MP: 2/2
   237 | D:2      | Reached skill level 3 in Unarmed Combat
   350 | D:3      | Noticed Purgy
   378 | D:3      | Reached skill level 4 in Unarmed Combat
   378 | D:3      | Reached XP level 4. HP: 23/41 MP: 3/3
   437 | D:3      | Killed Purgy
   437 | D:3      | Reached skill level 5 in Unarmed Combat
   437 | D:3      | Reached XP level 5. HP: 14/48 MP: 4/4
   505 | D:3      | Reached skill level 6 in Unarmed Combat
   505 | D:3      | Reached XP level 6. HP: 43/55 MP: 5/5
   636 | D:4      | Got an ichor-stained hand crossbow
   777 | D:4      | Reached skill level 7 in Unarmed Combat
   980 | D:5      | Entered Level 5 of the Dungeon
   989 | D:5      | Reached XP level 7. HP: 62/62 MP: 6/6
  1197 | D:5      | Noticed Duvessa
  1197 | D:5      | Noticed Dowan
  1205 | D:5      | Killed Duvessa
  1216 | D:5      | Killed Dowan
  1216 | D:5      | Reached skill level 8 in Unarmed Combat
  1446 | D:6      | Reached skill level 9 in Unarmed Combat
  1452 | D:6      | Reached XP level 8. HP: 70/70 MP: 7/7
  1611 | D:6      | Got a scorched iron amulet
  1625 | D:6      | Identified the amulet of Enkitytill {Regen+ Int+2} (You found it on level 6 of the Dungeon)
  1726 | D:6      | Reached skill level 10 in Unarmed Combat
  1772 | D:6      | Found a sand-covered staircase.
  1780 | Ossuary  | Entered an ossuary
  2401 | D:7      | Found a staircase to the Ecumenical Temple.
  2410 | Temple   | Entered the Ecumenical Temple
  2455 | Temple   | Became a worshipper of Cheibriados the Contemplative
  2481 | D:7      | Found a basalt altar of Yredelemnul.
  2520 | D:7      | Reached skill level 11 in Unarmed Combat
  2689 | D:7      | Reached XP level 9. HP: 58/76 MP: 8/8
  2820 | D:8      | Reached * piety under Cheibriados
  2820 | D:8      | Reached skill level 12 in Unarmed Combat
  2921 | D:8      | Noticed Grum
  2931 | D:8      | Killed Grum
  2933 | D:8      | Reached skill level 13 in Unarmed Combat
  2942 | D:8      | Reached ** piety under Cheibriados
  3043 | D:8      | Reached skill level 1 in Invocations
  3125 | D:8      | Paralysed by an orc wizard for 4 turns
  3260 | D:9      | Reached XP level 10. HP: 75/85 MP: 9/11
  3324 | D:9      | Found an iron altar of Okawaru.
  3401 | D:9      | Found Ryt Baaff's Antique Armour Boutique.
  3410 | D:9      | Bought an embroidered cloak for 262 gold pieces
  3467 | D:9      | Reached *** piety under Cheibriados
  3577 | D:10     | Entered Level 10 of the Dungeon
  3591 | D:10     | Paralysed by a hornet for 2 turns
  3594 | D:10     | Reached skill level 14 in Unarmed Combat
  3598 | D:9      | HP: 4/85 [warg (7)]
  3598 | D:9      | HP: 1/85 [warg (3)]
  3902 | D:10     | Reached skill level 5 in Fighting
  3907 | D:10     | Reached **** piety under Cheibriados
  3954 | D:10     | HP: 1/96 [troll (4)]
  3954 | D:10     | Slain by an orc priest

Skill      XL: |  1  2  3  4  5  6  7  8  9 10 |
---------------+-------------------------------+-----
Unarmed Combat | 1 2 4 5 6 7 9 11 13 14 | 14.0
Invocations    | 2 4 |  4.5
Fighting       | 5 |  5.5
Throwing       | |  3.6
Dodging        | |  1.5
Stealth        | |  0.3

Action                   |  1- 3 |  4- 6 |  7- 9 | 10-12 || total
-------------------------+-------+-------+-------+-------++-------
Melee: Unarmed           |    72 |   112 |   282 |   134 ||   600
       Punch             |     3 |     5 |    14 |    13 ||    35
Throw: Large rock        |       |     4 |     6 |       ||    10
       Throwing net      |       |     2 |     2 |       ||     4
Evoke: Wand              |       |       |       |     3 ||     3
  Use: Scroll            |       |       |    12 |     2 ||    14
       Potion            |       |       |       |     2 ||     2
  Eat: Chunk             |     7 |     5 |    23 |     3 ||    38
Armor: Robe              |    15 |    19 |       |       ||    34
       Troll leather arm |       |    35 |    92 |    65 ||   192
Dodge: Dodged            |    39 |    74 |   144 |    78 ||   335
